 Dungeon Sprint DCSS version 0.30-a0-223-gcb0039aa0c (webtiles) character file.

Game seed: 14593002623428987830

1316 rocky1 the Thaumaturge (level 8, -15/50 (56) HPs)
             Began as a Djinni Fire Elementalist on Oct 10, 2022.
             Was an Initiate of Gozag.
             Killed from afar by Josephine (28 damage)
             ... with a ghostly fireball
             ... in the Dungeon (Sprint III: "The Ten Rune Challenge").
             The game lasted 00:04:53 (1263 turns).

rocky1 the Thaumaturge (Djinni Fire Elementalist)   Turns: 1263, Time: 00:04:54

HP:   -15/50 (56)   AC:  3    Str:  7    XL:     8   Next: 89%
Gold: 366           EV: 11    Int: 18    God:    Gozag SH:  0 Dex: 15

rFire   + + .      SeeInvis .    h - +0 short sword (drain)
rCold   x . .      Faith    .    (no shield)
rNeg    . . .      Spirit   .    o - +0 leather armour
rPois   ∞          Reflect  .    (no helmet)
rElec   .          Harm     .    (no cloak)
rCorr   .          Rampage  .    (no gloves)
Will    .....      NoTele   +    (boots unavailable)
Stlth   ++........               (no amulet)
HPRegen 0.28/turn                (no ring)
MPRegen 0.00/turn                (no ring)

@: flying, heavily drained
A: sickness immunity, fire resistance 2, cold vulnerability 1, float, innate
caster, HP casting, extra vitality 1
a: Renounce Religion, Potion Petition, Call Merchant, Bribe Branch


You were in the Dungeon.
You worshipped Gozag.
Gozag was aware of your devotion.
You visited 1 branch You collected 366 gold pieces.

Inventory:

Hand Weapons
 h - a +0 short sword of draining (weapon)
 n - a +0 long sword of holy wrath
Armour
 a - a +0 robe
 o - a +0 leather armour (worn)
Scrolls
 f - a scroll of blinking
 i - 2 scrolls of poison {unknown}
 k - a scroll of immolation {unknown}
 l - 2 scrolls of identify
Potions
 b - 2 potions of curing
 c - a potion of heal wounds
 d - a potion of haste
 e - 2 potions of berserk rage
 g - 5 potions of mutation {unknown}
 j - 2 potions of flight {unknown}
Miscellaneous
 m - a phantom mirror


   Skills:
 + Level 3.1 Fighting
 - Level 2.1 Dodging
 - Level 1.5 Stealth
 + Level 14.1 Spellcasting


You had 17 spell levels left.
You knew the following spells:

 Your Spells              Type           Power      Damage    Failure   Level
a - Foxfire               Conj/Fire      100%       2x1d9     1%          1
b - Scorch                Fire           100%       2d10      1%          2
c - Kindle Blastsparks    Fire/Tloc/Air  100%       2d18      1%          3
d - Inner Flame           Hex/Fire       59%        N/A       1%          3
e - Flame Wave            Conj/Fire      59%        2d14      1%          4
f - Slow                  Hex            100%       N/A       1%          1
g - Searing Ray           Conj           100%       2d8       1%          2
h - Passwall              Tmut/Erth      49%        N/A       1%          2
Your spell library was empty.

Dungeon Overview and Level Annotations

Branches:
Dungeon (1/1)

Altars:
Cheibriados
Dithmenos
Elyvilon
Fedhas
Gozag
Hepliaklqana
Makhleb
Nemelex Xobeh
Okawaru
Qazlal
Ru
Trog
Uskayaw
Wu Jian
Xom
Yredelemnul
Zin
The Shining One
Jiyva
Lugonu

Annotations:
D Josephine


Innate Abilities, Weirdness & Mutations

You are immune to sickness and miasma.
You are immune to poison.
Your flesh is very heat resistant. (rF++)
You are vulnerable to cold. (rC-)
You float through the air rather than walking.
You learn spells naturally, not from books.
Your magical power is your life essence.
You have superior vitality. (+4 MHP)


Message History

Confirm with . or Enter, or press ? or * to list all spells.
Okay, then.
Josephine the Decaying Necromancer comes into view.
She is wielding a +4 dagger of venom.
Josephine moves out of view.
Unknown command.
Unknown command.
Unknown command.
Casting: Scorch (safe; 1% risk of failure)
Confirm with . or Enter, or press ? or * to list all spells.
Flames lash Josephine.
Josephine is moderately wounded.
Josephine's fire resistance burns away.
Josephine points at you and mumbles some strange words.
The ghostly flame explodes!
The ghostly fireball engulfs you!!
You feel drained.
The ghostly fireball engulfs Josephine.
Josephine completely resists.
Josephine hits you with a +4 dagger of venom!
Casting: Scorch (safe; 1% risk of failure)
Confirm with . or Enter, or press ? or * to list all spells.
Flames lash Josephine.
Josephine is burned terribly!
Josephine is moderately wounded.
Josephine misses you.
Casting: Scorch (safe; 1% risk of failure)
Confirm with . or Enter, or press ? or * to list all spells.
Flames lash Josephine.
Josephine is burned terribly!
Josephine is moderately wounded.
Josephine hits you with a +4 dagger of venom!
* * * LOW HITPOINT WARNING * * *
Unknown command.
Casting: Scorch (safe; 1% risk of failure)
Confirm with . or Enter, or press ? or * to list all spells.
Flames lash Josephine.
Josephine is burned terribly!
Josephine is severely wounded.
* * * LOW HITPOINT WARNING * * *
Josephine casts a spell at you.
The ghostly flame explodes!
The ghostly fireball engulfs you!!
You feel drained.
Ouch! That really hurt!
You die...
Your body crumbles into a pile of gold. .#___#___#__#$ $$$ .#...#__)#._#$$ $ .###'#'###'##$ .#..........#$$ .'.⌠........# $$$$$

.#...######'#$ $ $
$
.#.⌠.#__#...#+#####
.#...#__#...#§§§§§+
.#)###__#...#.#§@§#
.#.:.#__#...'.#@§.#
.#___#__'...#.#.§.#
▓▓▓▓▓▓▓▓▓▓▓▓▓▓▓▓▓▓▓


You could see Josephine (combustible).

Vanquished Creatures
  A deep elf pyromancer (D)
  A shadow (D)
  A spatial vortex (D)
  A necrophage (D)
  A scorpion (D)
  A water elemental (D)
  A jelly (D)
  A wizard (D)
  Jessica (D)
  A necromancer (D)
  3 humans (D)
  A kobold demonologist (D)
  2 endoplasms (D)
  A rat (D)
17 creatures vanquished.

Vanquished Creatures (others)
  14 foxfires (D)
14 creatures vanquished.

Grand Total: 31 creatures vanquished

Notes
Turn   | Place    | Note
-------+----------+-------------------------------------------
     0 | D        | rocky1 the Djinni Fire Elementalist began the quest for the
                  | Orb.
     0 | D        | rocky1 set off with the following spells memorised:
                  | Foxfire, Scorch, Kindle Blastsparks, Inner Flame, Flame
                  | Wave.
     0 | D        | Reached XP level 1. HP: 15/15 MP: 0/0
    11 | D        | Reached skill level 1 in Fighting
   118 | D        | Reached skill level 3 in Spellcasting
   136 | D        | Noticed Jessica
   141 | D        | Killed Jessica
   142 | D        | Reached skill level 4 in Spellcasting
   142 | D        | Reached XP level 2. HP: 22/25 MP: 0/0
   142 | D        | Reached XP level 3. HP: 26/30 MP: 0/0
   142 | D        | Learned a level 1 spell: Slow
   173 | D        | Noticed a scorpion
   179 | D        | Killed a scorpion
   180 | D        | Reached skill level 6 in Spellcasting
   180 | D        | Reached XP level 4. HP: 29/35 MP: 0/0
   190 | D        | Reached XP level 5. HP: 12/40 MP: 0/0
   190 | D        | Learned a level 2 spell: Searing Ray
   722 | D        | Noticed a water elemental
   724 | D        | Killed a water elemental
   725 | D        | Reached skill level 8 in Spellcasting
   752 | D        | Noticed a shadow
   756 | D        | Killed a shadow
   757 | D        | Reached skill level 10 in Spellcasting
   757 | D        | Reached XP level 6. HP: 38/46 MP: 0/0
   889 | D        | Found a blossoming altar of Fedhas.
   889 | D        | Found a stormy altar of Qazlal.
   889 | D        | Found a snail-covered altar of Cheibriados.
   889 | D        | Found a burning altar of Makhleb.
   889 | D        | Found a shimmering altar of Xom.
   889 | D        | Noticed a spatial vortex
   898 | D        | Killed a spatial vortex
   899 | D        | Reached skill level 11 in Spellcasting
   899 | D        | Reached XP level 7. HP: 19/50 MP: 0/0
   899 | D        | Learned a level 2 spell: Passwall
  1009 | D        | Found a hazy altar of Hepliaklqana.
  1009 | D        | Found an opulent altar of Gozag.
  1009 | D        | Found a sparkling altar of Nemelex Xobeh.
  1009 | D        | Found a corrupted altar of Lugonu.
  1009 | D        | Found a viscous altar of Jiyva.
  1017 | D        | Became a worshipper of Gozag Ym Sagoz the Greedy
  1033 | D        | Found a basalt altar of Yredelemnul.
  1033 | D        | Found a shadowy altar of Dithmenos.
  1033 | D        | Found a sacrificial altar of Ru.
  1080 | D        | Found a glowing silver altar of Zin.
  1080 | D        | Found a glowing golden altar of the Shining One.
  1080 | D        | Found a white marble altar of Elyvilon.
  1080 | D        | Noticed a deep elf pyromancer
  1083 | D        | Noticed a fire elemental
  1083 | D        | Noticed a fire elemental
  1084 | D        | Killed a deep elf pyromancer
  1085 | D        | Reached skill level 13 in Spellcasting
  1085 | D        | Reached XP level 8. HP: 48/56 MP: 0/0
  1118 | D        | Found a hide-covered altar of Uskayaw.
  1118 | D        | Found an iron altar of Okawaru.
  1118 | D        | Found a bloodstained altar of Trog.
  1118 | D        | Found an ornate altar of the Wu Jian Council.
  1118 | D        | Noticed a human
  1118 | D        | Noticed a human
  1123 | D        | Killed a human
  1124 | D        | Killed a human
  1125 | D        | Reached skill level 14 in Spellcasting
  1257 | D        | Noticed Josephine
  1263 | D        | Killed from afar by Josephine

Illustrated notes

Levels and vault maps discovered:
D:        dungeon_sprint_mu [sprint_mu_entry_cave, sprint_mu_temple_rooms,
          sprint_mu_d1_horrors, sprint_mu_d2_genie, sprint_mu_d3_branching,
          sprint_mu_orc_legion, sprint_mu_elf_gauntlet, sprint_mu_hive_nellie,
          sprint_mu_lair_fedhas, sprint_mu_vaults_butterflies,
          sprint_mu_slime_circle, sprint_mu_swamp_cave, sprint_mu_snake_twists,
          sprint_mu_blade_basic, sprint_mu_crypt_chambers,
          sprint_mu_tomb_spiral, sprint_mu_vestibule_basic,
          sprint_mu_gehenna_hellfire, sprint_mu_dis_giant,
          sprint_mu_tartarus_statrot, sprint_mu_cocytus_islands, sprint_mu_zot1]

Skill      XL: |  1  2  3  4  5  6  7  8 |
---------------+-------------------------+-----
Fighting       | 3 |  3.1
Spellcasting   | 4 6 10 11 13 14 | 14.1
Dodging        | |  2.1
Stealth        | |  1.5

Action                   |  1- 3 |  4- 6 |  7- 9 || total
-------------------------+-------+-------+-------++-------
Melee: Spear             |     1 |       |       ||     1
       Short sword       |       |     2 |     1 ||     3
 Cast: Foxfire           |     8 |     2 |       ||    10
       Scorch            |     3 |    11 |    20 ||    34
       Searing Ray       |       |     2 |       ||     2
Armor: Robe              |       |     2 |       ||     2
Dodge: Dodged            |     2 |     4 |     5 ||    11

Table legend: (Time is in decaauts)
 A = Elapsed time spent in this place.
 B = Non-inter-level travel time spent in this place.
 C = Inter-level travel time spent in this place.
 D = Time resting spent in this place.
 E = Time spent auto-exploring this place.
 F = Levels seen in this place.
 G = Mean time per level.
                   A        B        C        D        E       F      G
               +--------+--------+--------+--------+--------+-----+--------+
         Total |   1262 |   1262 |      0 |    955 |      0 |   1 | 1262.0 |
       Dungeon |   1262 |   1262 |      0 |    955 |      0 |   1 | 1262.0 |
               +--------+--------+--------+--------+--------+-----+--------+

Top non-repeatable levels by time:
       D: 1262 daAuts
